[Event "IIFL Wealth 4th Mumbai GM"]
[Site "Mumbai"]
[Date "2019.01.01"]
[Round "3"]
[White "Chowdhury, Sohel"]
[Black "Dhungel, Uttam"]
[Result "1-0"]
[ECO "B23"]
[WhiteElo "2012"]
[BlackElo "1587"]
[Annotator "NA RC"]
[PlyCount "57"]
[EventDate "2018.12.30"]
[EventType "swiss"]
[EventCountry "IND"]
[SourceTitle "playchess.com"]
[Source "ChessBase"]
[SourceQuality "1"]
[TimeControl "40/5400+30:1800+30"]

1. e4 c5 2. Nc3 e6 3. g3 d5 4. Bg2 d4 5. Nce2 e5 6. d3 Nc6 7. f4 g6 8. Nf3 Bg7 9. O-O Nge7 10. fxe5 Nxe5 11. Nxe5 Bxe5 12. Bh6 Bg4 13. Qd2 Qd7 14. Rf2 Bxe2 15. Qxe2 Nc6 16. Qf1 Nd8 (16... Qe7 $14) 17. Qe2 $11 (17. a4 $14) 17... Nc6 18. Raf1 f6 19. a3 O-O-O 20. Bf4 Rhe8 21. Qd2 a5 22. Bxe5 fxe5 23. Qh6 Kb8 24. Rf7 Qe6 25. Qxh7 Rh8 26. Rxb7+ Ka8 27. Qc7 Rb8 28. Rf7 Qxf7 29. Rxb8+ 1-0

[Event "IIFL Wealth 4th Mumbai GM"]
[Site "Mumbai"]
[Date "2019.01.01"]
[Round "3"]
[White "Triton, Maxime"]
[Black "Ahsan, Ali Jewel"]
[Result "1-0"]
[ECO "B40"]
[WhiteElo "1937"]
[BlackElo "1363"]
[Annotator "NA RC"]
[PlyCount "57"]
[EventDate "2018.12.30"]
[EventType "swiss"]
[EventCountry "IND"]
[SourceTitle "playchess.com"]
[Source "ChessBase"]
[SourceQuality "1"]
[TimeControl "40/5400+30:1800+30"]

1. e4 c5 2. Nf3 e6 3. Nc3 Nf6 4. e5 Nd5 5. Nxd5 exd5 6. d4 c4 7. Be2 Be7 8. O-O Nc6 9. Bf4 O-O 10. b3 b5 11. a4 Ba6 12. axb5 Bxb5 13. bxc4 Bxc4 14. Bxc4 dxc4 15. d5 Nb8 16. d6 Bh4 17. g3 g5 18. Be3 Nc6 19. gxh4 gxh4 20. Bg5 Qb6 21. Bf6 h6 22. Qd2 Kh7 23. Qf4 Rg8+ 24. Kh1 h3 25. Ra3 Qc5 26. Qe4+ Rg6 27. Ng5+ Kg8 28. Rxh3 Nd8 29. Qxa8 {[%emt 0:01:35] Kh7} 1-0

[Event "IIFL Wealth 4th Mumbai GM"]
[Site "Mumbai"]
[Date "2019.01.01"]
[Round "3"]
[White "Bhasima, Prashan"]
[Black "Kavinda, Akila"]
[Result "0-1"]
[ECO "B06"]
[WhiteElo "1658"]
[BlackElo "2092"]
[Annotator "NA RC"]
[PlyCount "100"]
[EventDate "2018.12.30"]
[EventType "swiss"]
[EventCountry "IND"]
[SourceTitle "playchess.com"]
[Source "ChessBase"]
[SourceQuality "1"]
[TimeControl "40/5400+30:1800+30"]

1. e4 g6 2. d4 Bg7 3. Nf3 d6 4. Bc4 Nf6 5. Nc3 O-O 6. Be3 Nc6 7. O-O Bg4 8. h3 Bxf3 9. Qxf3 e5 10. dxe5 Nxe5 11. Qe2 Nxc4 {[%emt 0:02:52] B08: Pirc Defence: Classical System} 12. Qxc4 Re8 13. Rfe1 (13. Rad1 a6 14. a4 Re6 15. f3 c6 16. Qb3 Qc7 17. Qb6 Qe7 18. Bg5 h6 19. Bh4 {0-1 (56) Vallejo Pons,F (2705)-Gashimov,V (2757) Beijing 2011}) 13... Nxe4 14. Nxe4 d5 15. Qb3 dxe4 $146 ({Predecessor:} 15... Rxe4 16. Qxb7 Rb8 17. Qxa7 Rxb2 18. Rab1 Reb4 19. Rxb2 Rxb2 {0-1 (33) Villarreal,J-Mejia,D Bilin 2008}) 16. Qxb7 Qb8 17. Qxb8 Rexb8 18. Rab1 Rxb2 19. Rxb2 Bxb2 20. Rb1 Be5 21. Rb7 a6 22. Kf1 Kf8 23. c4 Ke7 24. f4 exf3 25. gxf3 Kd7 26. Ke2 Kc6 27. Rb1 Re8 28. Kd3 Rd8+ 29. Ke4 Bd6 30. Bd4 f5+ 31. Ke3 Bf4+ 32. Kxf4 Rxd4+ 33. Ke5 Rxc4 34. Rb2 Rc3 35. Rf2 $1 $11 {[%emt 0:00:23] and White has nothing to worry.} Rc1 36. Rh2 Rc3 $11 (36... Kb5 $19 37. Rb2+ Kc6) 37. Kf4 $2 Kd5 38. h4 Ke6 39. h5 Kf6 40. hxg6 hxg6 41. Re2 g5+ 42. Kg3 g4 43. Kh2 Rxf3 44. Rc2 Ra3 45. Rxc7 Rxa2+ 46. Kg3 Ra3+ 47. Kg2 a5 48. Rc5 a4 49. Rc4 Kg5 50. Rc2 Rb3 0-1

[Event "IIFL Wealth 4th Mumbai GM"]
[Site "Mumbai"]
[Date "2019.01.01"]
[Round "3"]
[White "Regmi, Shikhar"]
[Black "abzid, Rahman"]
[Result "0-1"]
[ECO "B43"]
[WhiteElo "1610"]
[BlackElo "2040"]
[Annotator "NA RC"]
[PlyCount "76"]
[EventDate "2018.12.30"]
[EventType "swiss"]
[EventCountry "IND"]
[SourceTitle "playchess.com"]
[Source "ChessBase"]
[SourceQuality "1"]
[TimeControl "40/5400+30:1800+30"]

1. e4 c5 2. Nf3 e6 3. d4 cxd4 4. Nxd4 a6 5. Nc3 Qc7 6. Be2 Nc6 7. O-O Nf6 8. Kh1 d6 9. f4 Bd7 10. Be3 Be7 11. Qe1 b5 12. a3 {[%emt 0:02:45] B84: Sicilian Scheveningen: 6 Be2 a6, lines without early Be3} e5 (12... O-O 13. Qg3 b4 14. Nxc6 Bxc6 15. axb4 Nxe4 16. Nxe4 Bxe4 17. c3 a5 18. Bd4 g6 19. b5 d5 20. Qe3 Qb7 21. Ra4 {1-0 (33) Harikrishna,P (2729)-Liang,J (2452) China 2018}) 13. Nxc6 Bxc6 14. fxe5 $146 ({Predecessor:} 14. Bf3 Qb7 15. Qg3 {½-½ (16) Savic,G (2154)-Necevski,A (2301) Serbia 2011}) 14... dxe5 15. Bg5 O-O 16. Bxf6 Bxf6 17. Rxf6 gxf6 18. Bg4 f5 19. Bxf5 f6 20. Qh4 Kh8 21. Rd1 Ra7 22. Rd3 Qe7 23. Rh3 Rf7 24. Qh6 a5 25. Nd5 Bxd5 26. exd5 b4 27. a4 Rg7 28. Be6 $15 Rc7 29. Bf5 Rc4 30. Qe3 Rd4 31. Bd3 f5 32. g3 Qd6 33. Qf3 e4 34. Qxf5 exd3 35. Qc8+ Rg8 36. Rxh7+ Kxh7 37. Qf5+ Rg6 38. Qf7+ Kh6 0-1

[Event "IIFL Wealth 4th Mumbai GM"]
[Site "Mumbai"]
[Date "2019.01.01"]
[Round "3"]
[White "Laoussing, Mathis"]
[Black "Thapa, Krishna"]
[Result "0-1"]
[ECO "B22"]
[WhiteElo "1438"]
[BlackElo "2024"]
[Annotator "NA RC"]
[PlyCount "47"]
[EventDate "2018.12.30"]
[EventType "swiss"]
[EventCountry "IND"]
[SourceTitle "playchess.com"]
[Source "ChessBase"]
[SourceQuality "1"]
[TimeControl "40/5400+30:1800+30"]

1. e4 c5 2. c3 Nf6 3. e5 Nd5 4. d4 e6 5. Bc4 Nb6 6. Qe2 Nxc4 7. Qxc4 b6 8. Na3 cxd4 9. Nb5 Nc6 10. cxd4 Bb4+ 11. Bd2 Bxd2+ 12. Kxd2 Qg5+ 13. Ke2 O-O 14. Nf3 Qh5 15. Nd6 b5 16. Qd3 Ba6 17. Ne4 Nb4 18. Qd2 Nd5 $11 19. b4 Bb7 20. Nd6 Bc6 21. Rhe1 Qg4 22. Rg1 Nf4+ 23. Kf1 Bxf3 24. Ke1 0-1